 Dungeon Crawl Stone Soup version 0.20.1-1-g8b1a95d (webtiles) character file.

50 dohliylev the Sneak (level 3, 0/24 HPs)
             Began as a Vampire Enchanter on Dec 29, 2017.
             Slain by a gnoll
             ... wielding a +0 spear
              (8 damage)
             ... on level 2 of the Dungeon.
             The game lasted 00:06:58 (1481 turns).

dohliylev the Sneak (Vampire Enchanter)             Turns: 1481, Time: 00:06:59

Health: 0/24       AC:  3    Str:  7    XL:     3   Next: 55%
Magic:  4/6        EV: 12    Int: 18    God:
Gold:   93         SH:  0    Dex: 14    Spells: 3/6 levels left

rFire    . . .     SeeInvis +   m - -2 short sword (curse)
rCold    . . .     Gourm    .   (no shield)
rNeg     . . .     Faith    .   b - +0 robe
rPois    .         Spirit   .   (no helmet)
rElec    .         Reflect  .   g - +0 cloak
rCorr    .         Harm     +   (no gloves)
MR       .....                  (no boots)
Stlth    +++.......             l - amulet of harm
Regen    0.3/turn               (no ring)
MPRegen  0.1/turn               (no ring)

@: very slightly contaminated, regenerating quickly
A: fangs 3, see invisible, unbreathing
a: no special abilities


You were on level 2 of the Dungeon.
You were full.

You visited 1 branch of the dungeon, and saw 2 of its levels.

You collected 93 gold pieces.

Inventory:

Hand Weapons
 a - a +1 dagger
 m - a cursed -2 short sword (weapon)
Armour
 b - a +0 robe (worn)
 g - a +0 cloak (worn)
Jewellery
 l - an amulet of harm (around neck)
Scrolls
 e - a scroll of blinking
 f - a scroll of remove curse {unknown}
 h - a scroll of recharging
 i - 2 scrolls of enchant weapon
 j - a scroll of amnesia
 k - a scroll of fear
 n - a scroll of fog {unknown}
 o - a scroll of teleportation {unknown}
Potions
 d - 7 potions of blood
Books
 c - a book of Maledictions

   Spells                             Type                      Level
   a - Corona                         Hexes                        1
   b - Ensorcelled Hibernation        Hexes/Ice                    2
   c - Confuse                        Hexes                        3
   d - Tukima's Dance                 Hexes                        3
   e - Dazzling Spray                 Conjuration/Hexes            3


   Skills:
 - Level 1.1 Short Blades
 - Level 2.1 Dodging
 + Level 6.8 Stealth
 - Level 2.0 Spellcasting
 - Level 4.4 Hexes
 + Level 0.6 Ice Magic


You had 3 spell levels left.
You knew the following spells:

 Your Spells              Type           Power        Failure   Level  Hunger
a - Corona                Hex            ###....      3%          1    #......
b - Ensorcelled Hibernat  Hex/Ice        ##....       10%         2    ###....


Dungeon Overview and Level Annotations

Branches:
Dungeon (2/15)

Altars:


Innate Abilities, Weirdness & Mutations

Your natural rate of healing is unusually fast.
You have razor-sharp teeth.
You have supernaturally acute eyesight. (SInv)
You can survive without breathing.


Message History

The gnoll looks drowsy...
You start resting.
Magic restored.
The gnoll hits you but does no damage.
The gnoll shouts!
You barely miss the gnoll. The gnoll completely misses you.
The gnoll hits you from afar with a spear!
The gnoll hits you from afar with a spear!
* * * LOW HITPOINT WARNING * * *
The gnoll closely misses you.
Casting: Ensorcelled Hibernation
Confirm with . or Enter, or press ? or * to list all spells.
Aiming: Ensorcelled Hibernation
Press: ? - help, Shift-Dir - straight line, f/p - gnoll
Aim: a gnoll, wielding a spear (chance to defeat MR: 50%)
You miscast Ensorcelled Hibernation.
You are very lightly contaminated with residual magic.
You feel a strange surge of energy!
The gnoll hits you from afar with a spear!
You die...

#.........#.###
#.รท.
##..###.#.....#
#..# #..#
#.#.#.#.###..#
#..#
#............#
#..#
###.#.#.####.#
#..#####.[...# #.#
##...>.....### #.#
#.#######.######.#
#@# #........# #.#
#......... #g#
########.# #g# #..
#.######## ###
#.g.g.g..#
########.#
#.#########
#.g..gg....


You could see 3 gnolls.

Vanquished Creatures
  An adder (D:2)
  2 oozes (D:1)
  A dart slug (D:1)
  3 leopard geckos
  2 bats (D:1)
  A giant cockroach (D:1)
  3 goblins
  2 jackals (D:1)
  A ball python (D:1)
  3 frilled lizards (D:2)
  5 kobolds
  6 rats
30 creatures vanquished.

Notes
Turn   | Place    | Note
-------+----------+-------------------------------------------
     0 | D:1      | dohliylev the Vampire Enchanter began the quest for the Orb.
     0 | D:1      | Reached XP level 1. HP: 13/13 MP: 3/3
    76 | D:1      | Reached skill level 5 in Stealth
   237 | D:1      | Reached XP level 2. HP: 19/19 MP: 3/5
   440 | D:1      | Learned a level 2 spell: Ensorcelled Hibernation
   675 | D:1      | Reached skill level 6 in Stealth
   819 | D:1      | Reached XP level 3. HP: 17/24 MP: 0/6
  1481 | D:2      | Slain by a gnoll

Skill      XL: |  1  2 |
---------------+-------+-----
Stealth        | 5 6 |  6.8
Short Blades   | |  1.1
Dodging        | |  2.1
Spellcasting   | |  2.0
Hexes          | |  4.4
Ice Magic      | |  0.6

Action                   || total
-------------------------++-------
Melee: Dagger            ||    61
       Bite              ||     4
       Short sword       ||    22
 Cast: Corona            ||     4
       Ensorcelled Hiber ||    10
  Use: Scroll            ||     5
 Stab: Sleeping          ||    15
  Eat: Corpse            ||     9
Armor: Robe              ||    27
Dodge: Dodged            ||    62
